AoeStats
← q.sonner

Arabia

509416670Analyzed
1v1 RM · 7d ago on Sep 26, 2026· 48m 32s· 2 players
Game mode
Random Map
Map size
Tiny (2 player)
Population
200
Speed
Normal
Resources
Standard
Victory
Conquest
Starting age
Dark Age
Ending age
Imperial Age
RankedLock teamsTeams togetherTeam positionsShared explorationLock speedFull tech treeHidden civsTurbo modeCheats
Victory
Defeat
🇩🇪 Malians · Germany
491
+13
🇨🇿 Mongols · Czechia
430
-13
HONZAzHOVNA
11:46 Feudal Age
12:27 Double-Bit Axe
12:25 Horse Collar
14:38 Loom
21:53 Castle Age
19:27 Man-at-Arms
21:03 Bloodlines
21:04 Stone Mining
21:09 Gold Mining
27:52 Padded Archer Armor
27:43 Fletching
28:00 Scale Barding Armor
28:06 Forging
31:14 Wheelbarrow
32:30 Leather Archer Armor
32:11 Bodkin Arrow
32:37 Chain Barding Armor
32:54 Iron Casting
32:19 Scale Mail Armor
33:02 Gold Shaft Mining
33:04 Stone Shaft Mining
33:30 Bow Saw
33:24 Heavy Plow
35:46 Hand Cart
36:40 Pikeman
37:21 Squires
38:23 Murder Holes
38:49 Ballistics
38:19 Crossbowman
42:55 Imperial Age
41:49 Light Cavalry
47:31 Imperial Age
q.sonner
10:24 Feudal Age
15:56 Double-Bit Axe
19:08 Castle Age
22:50 Light Cavalry
23:40 Horse Collar
24:58 Scale Barding Armor
28:34 Wheelbarrow
32:54 Chain Barding Armor
36:01 Scale Mail Armor
36:14 Forging
38:49 Husbandry
42:58 Imperial Age
40:48 Hand Cart
44:07 Farimba
45:28 Conscription
44:38 Cavalier
45:40 Bloodlines
45:40 Capped Ram
Connection lost

Rejoining the realm…

Still unreachable

The connection could not be restored.

Session expired

The server has moved on; the page needs a fresh start.